 Dungeon Crawl Stone Soup version 0.19-a0-1899-g2d93087 (webtiles) character file.

21 dobroeutro the Bolt Thrower (level 3, -3/22 HPs)
             Began as a Kobold Hunter on Oct 19, 2016.
             Slain by a worm (6 damage)
             ... on level 2 of the Dungeon.
             The game lasted 00:01:45 (811 turns).

dobroeutro the Bolt Thrower (Kobold Hunter)          Turns: 811, Time: 00:01:46

Health: -3/22      AC:  4    Str: 10    XL:     3   Next: 5%
Magic:  3/3        EV: 15    Int: 12    God:
Gold:   43         SH:  0    Dex: 15    Spells: 0 memorised, 2 levels left

rFire  . . .     SeeInvis .     i - +1 dagger (holy)
rCold  . . .     Gourm    .     n - +0 robe (curse)
rNeg   . . .     Faith    .     (shield restricted)
rPois  .         Spirit   .     l - +0 helmet
rElec  .         Reflect  .     j - +0 cloak
rCorr  .         Harm     .     (no gloves)
MR     .....                    (no boots)
Stlth  ++........               (no amulet)
                                (no ring)
                                (no ring)

@: no status effects
A: carnivore 3
a: no special abilities


You were on level 2 of the Dungeon.
You were not hungry.

You visited 1 branch of the dungeon, and saw 2 of its levels.

You collected 43 gold pieces.

Inventory:

Hand Weapons
 a - a +1 hand crossbow
 b - a +0 short sword
 i - a +1 dagger of holy wrath (weapon)
Missiles
 d - 34 bolts
Armour
 c - a +0 leather armour
 j - a +0 cloak (worn)
 l - a +0 helmet (worn)
 n - a cursed +0 robe (worn)
 q - a +2 robe of magic resistance
Scrolls
 e - 2 scrolls of teleportation {unknown}
 h - a scroll of amnesia {unknown}
 m - a scroll of fog {unknown}
 o - a scroll of identify {unknown}
 p - 2 scrolls of remove curse {unknown}
Potions
 g - a potion of flight {unknown}
 k - a potion of brilliance {unknown}
Comestibles
 f - a meat ration


   Skills:
 + Level 2.9 Fighting
 * Level 1.5 Short Blades
 + Level 5.0 Crossbows
 + Level 2.7 Dodging
 - Level 1.3 Stealth


You had 2 spell levels left.
You didn't know any spells.

Dungeon Overview and Level Annotations

Branches:
Dungeon (2/15)

Altars:
Ashenzari


Innate Abilities, Weirdness & Mutations

You are small and have problems with some larger weapons.
You are carnivorous and can eat meat at any time.


Message History

You are too injured to fight recklessly!
You are too injured to fight recklessly!
You are too injured to fight recklessly!
You are too injured to fight recklessly!
You are too injured to fight recklessly!
You are too injured to fight recklessly!
You are too injured to fight recklessly!
You are too injured to fight recklessly!
You are too injured to fight recklessly!
You are too injured to fight recklessly!
You are too injured to fight recklessly!
You are too injured to fight recklessly!
You are too injured to fight recklessly!
You are too injured to fight recklessly!
You hit the worm.
The worm is severely wounded.
You hit the worm but do no damage.
The worm is severely wounded.
The worm bites you.
You die...

#........ #.#
####.#######
#.##########
......#####
#..........#
..........#
##########.#
...#.<###.## #.#
......# .##. #.#
...##.# ..... #.#
...#..#
..?...#########.######
...#.##
......w@...............
####.
......###########.#####
.. ..... $# #. #### #


You could see a worm.

Vanquished Creatures
  A dart slug (D:1)
  A giant cockroach (D:1)
  7 goblins (D:1)
  A hobgoblin (D:1)
  A kobold (D:1)
  A ball python (D:2)
  3 bats
  3 rats (D:1)
18 creatures vanquished.

Notes
Turn   | Place    | Note
-------+----------+-------------------------------------------
     0 | D:1      | dobroeutro the Kobold Hunter began the quest for the Orb.
     0 | D:1      | Reached XP level 1. HP: 12/12 MP: 1/1
   120 | D:1      | Reached skill level 5 in Crossbows
   130 | D:1      | Reached skill level 1 in Short Blades
   130 | D:1      | Reached XP level 2. HP: 6/18 MP: 2/2
   346 | D:1      | Found a shattered altar of Ashenzari.
   776 | D:2      | Reached XP level 3. HP: 22/22 MP: 3/3
   811 | D:2      | Slain by a worm

Vault maps used:
D:1:      lightli_molten_gateway, nicolae_ashenzari_panopticon
D:2:      ecumenical_altar_1

Skill      XL: |  1 |
---------------+----+-----
Crossbows      | 5 |  5.0
Short Blades   | 1 |  1.5
Fighting       | |  2.9
Dodging        | |  2.7
Stealth        | |  1.3

Action                   || total
-------------------------++-------
Melee: Short sword       ||    25
       Dagger            ||    57
 Stab: Sleeping          ||     3
  Eat: Chunk             ||     3
Armor: Leather armour    ||    16
       Robe              ||     2
Dodge: Dodged            ||    51
